 Dungeon Crawl Stone Soup version 0.31-a0-609-g7bf6ffcfed (webtiles) character file.

Game seed: 179258998053174679

64 holysushi the Charlatan (level 3, -2/24 HPs)
             Began as a Demonspawn Wanderer on Aug 21, 2023.
             Slain by a black bear (3 damage)
             ... on level 3 of the Dungeon.
             The game lasted 00:06:55 (2518 turns).

holysushi the Charlatan (Demonspawn Wanderer)       Turns: 2518, Time: 00:06:56

Health: -2/24      AC:  2    Str: 11    XL:     3   Next: 91%
Magic:  0/4        EV: 11    Int: 13    God:
Gold:   102        SH:  0    Dex: 15    Spells: 3/4 levels left

rFire   . . .        a - +2 dagger (pain)
rCold   . . .        (no shield)
rNeg    . . .        f - +0 robe
rPois   .            (no helmet)
rElec   .            (no cloak)
rCorr   .            (no gloves)
SInv    .            (no boots)
Will    .....        o - amulet of the acrobat
Stlth   ++           (no ring)
HPRegen 0.24/turn    (no ring)
MPRegen 0.09/turn

%: acrobat
@: very slightly contaminated
A: demonic guardian 1
a: no special abilities


You were on level 3 of the Dungeon.
You visited 1 branch of the dungeon, and saw 3 of its levels.

You collected 102 gold pieces.

Inventory:

Hand Weapons
 a - a +2 dagger of pain (weapon)
Missiles
 b - an atropa-tipped dart (quivered)
 c - a datura-tipped dart
Armour
 f - a +0 robe (worn)
Jewellery
 o - an amulet of the acrobat (around neck)
Wands
 d - a wand of flame (1)
Scrolls
 h - a scroll of revelation {unknown}
 i - 2 scrolls of identify {unknown}
 k - a scroll of teleportation {unknown}
 l - a scroll of poison {unknown}
 m - a scroll of fear {unknown}
 n - a scroll of enchant armour {unknown}
 q - a scroll of immolation {unknown}
Potions
 e - a potion of berserk rage
 g - 3 potions of heal wounds {unknown}
 j - a potion of degeneration {unknown}
 p - a potion of lignification {unknown}


   Skills:
 + Level 1.9 Short Blades
 - Level 1.0 Throwing
 - Level 1.0 Dodging
 - Level 1.7 Stealth
 - Level 1.0 Spellcasting
 - Level 2.7 Air Magic
 - Level 4.0 Evocations


You had 3 spell levels left.
You knew the following spells:

 Your Spells              Type           Power      Damage    Failure   Level
a - Shock                 Conj/Air       16%        1d4       16%         1

Your spell library contained the following spells:

 Spells                   Type           Power      Damage    Failure   Level
 Mephitic Cloud           Conj/Pois/Air  3%         N/A       52%         3


Dungeon Overview and Level Annotations

Branches:
Dungeon (3/15) Zot: 15485

Altars:

Annotations:
D:3 1 runed translucent door, Crazy Yiuf


Innate Abilities, Weirdness & Mutations

A weak demonic guardian rushes to your aid.


Message History

The zap hits the black bear.
The black bear is moderately wounded.
Casting: Shock (safe; 16% risk of failure)
Confirm with . or Enter, or press ? or * to list all spells.
Aiming: Shock (safe; 16% risk of failure)
Press: ? - help, Shift-Dir - straight line The zap hits the black bear.
The black bear is moderately wounded.
The zap hits the black bear.
The black bear is heavily wounded.
The black bear closely misses you.
The black bear claws you but does no damage.
The black bear claws you.
Casting: Shock (safe; 16% risk of failure)
Confirm with . or Enter, or press ? or * to list all spells.
Aiming: Shock (safe; 16% risk of failure)
Press: ? - help, Shift-Dir - straight line You miscast Shock.
You are very lightly contaminated with residual magic.
Nothing appears to happen.
The black bear closely misses you. The black bear claws you.
The black bear claws you but does no damage.
You barely miss the black bear.
The black bear is heavily wounded.
The black bear closely misses you. The black bear barely misses you.
The black bear claws you.
You barely miss the black bear.
The black bear is heavily wounded.
The black bear bites you. The black bear misses you. The black bear claws you.
You hit the black bear.
The black bear is heavily wounded.
The black bear bites you. The black bear claws you.
* * * LOW HITPOINT WARNING * * *
The black bear claws you.
* * * LOW HITPOINT WARNING * * *
A demonic guardian appears!
You barely miss the black bear.
The black bear is heavily wounded.
The black bear closely misses you. x2; The black bear claws you.
You die...

#....# #.###.##♣♣
##.#.# #.###.+..♣♣ ♣
#....# #.##......♣♣♣♣
#....# #.##.......♣..
#....###.##..+...♣.♣♣
#............##♣♣♣♣♣
#...####.#####
##.#####.# #..h@..#.#
#.####5#.# #....#.#.#
#.........
................
..h...#.........
#.###.########.#. #
.#.#


You could see a black bear (ally target) and a friendly quasit (summoned).

Vanquished Creatures
  2 adders (D:3)
  A dart slug (D:2)
  4 ball pythons
  2 endoplasms
  2 giant cockroaches
  2 hobgoblins (D:1)
  3 jackals (D:1)
  7 kobolds
  2 quokkas
  5 frilled lizards
  4 goblins (D:1)
  A rat (D:2)
35 creatures vanquished.

Vanquished Creatures (collateral kills)
  A ball python (D:2)
  An endoplasm (D:2)
  2 kobolds
  A bat (D:1)
5 creatures vanquished.

Grand Total: 40 creatures vanquished

Notes
Turn   | Place    | Note
-------+----------+-------------------------------------------
     0 | D:1      | holysushi the Demonspawn Wanderer began the quest for the
                  | Orb.
     0 | D:1      | holysushi set off with the following items: a +0 dagger, an
                  | atropa-tipped dart, a datura-tipped dart, a wand of flame
                  | (4), a potion of berserk rage, a +0 robe; and the following
                  | spell memorised: Shock; and the following spells available
                  | to memorise: Mephitic Cloud.
     0 | D:1      | Reached XP level 1. HP: 13/13 MP: 2/2
   390 | D:1      | Gained mutation: A weak demonic guardian rushes to your
                  | aid. [demonic ancestry]
   390 | D:1      | Reached XP level 2. HP: 7/19 MP: 0/3
  1404 | D:2      | Reached XP level 3. HP: 24/24 MP: 4/4
  1717 | D:2      | Reached skill level 1 in Short Blades
  2474 | D:3      | Found a runed translucent door.
  2475 | D:3      | Noticed Crazy Yiuf
  2503 | D:3      | Noticed a black bear
  2517 | D:3      | HP: 1/24 [black bear (5)]
  2518 | D:3      | Slain by a black bear

Illustrated notes

Levels and vault maps discovered:
D:1:      dpeg_arrival_stonehenge_8_columns, layout_basic
D:2:      layout_basic
D:3:      minmay_recursive_quarters, layout_basic, vehumet_altar_wand_db,
          hellmonk_ecumenical_altar_arch_garden, amethyst_killhole,
          uniq_crazy_yiuf_cottage

Skill      XL: |  1  2  3 |
---------------+----------+-----
Air Magic      | 2 |  2.7
Short Blades   | 1 |  1.9
Throwing       | |  1.0
Dodging        | |  1.0
Stealth        | |  1.7
Spellcasting   | |  1.0
Evocations     | |  4.0

Action                     || total
---------------------------++-------
  Melee: Dagger            ||   126
         Punch             ||     1
   Cast: Shock             ||    43
  Evoke: Wand              ||     3
   Stab: Sleeping          ||     3
 Armour: Robe              ||    31
  Dodge: Dodged            ||   107

Table legend: (Time is in decaauts)
 A = Elapsed time spent in this place.
 B = Non-inter-level travel time spent in this place.
 C = Inter-level travel time spent in this place.
 D = Time resting spent in this place.
 E = Time spent auto-exploring this place.
 F = Levels seen in this place.
 G = Mean time per level.
                   A        B        C        D        E       F      G
               +--------+--------+--------+--------+--------+-----+--------+
         Total |   2514 |   2457 |     57 |    438 |   1347 |   3 |  838.0 |
       Dungeon |   2514 |   2457 |     57 |    438 |   1347 |   3 |  838.0 |
               +--------+--------+--------+--------+--------+-----+--------+

Top non-repeatable levels by time:
     D:1: 1396 daAuts
     D:2: 836 daAuts
     D:3: 281 daAuts
